 Dungeon Crawl Stone Soup version 0.17-a0-1996-gd2c0ec8 (webtiles) character file.

65 brucemayne the Chopper (level 3, -5/43 HPs)
             Began as a Demonspawn Berserker on Oct 7, 2015.
             Was a Follower of Trog.
             Killed by divine providence
             ... invoked by an orc priest
              (16 damage)
             ... on level 4 of the Dungeon.
             The game lasted 00:02:05 (588 turns).

brucemayne the Chopper (Demonspawn Berserker)        Turns: 588, Time: 00:02:05

Health: -5/43      AC:  5    Str: 23    XL:     3   Next: 94%
Magic:  3/3        EV: 12    Int:  8    God:    Trog [*.....]
Gold:   31         SH:  0    Dex: 12    Spells: 0 memorised, 2 levels left

rFire  . . .     SeeInvis .     a - +0 hand axe
rCold  . . .     Clarity  .     f - +0 leather armour
rNeg   . . .     SustAt   .     (no shield)
rPois  .         Gourm    .     (no helmet)
rElec  .         Spirit   .     (no cloak)
rCorr  .         Warding  .     (no gloves)
rMut   .         Stasis   .     (no boots)
MR     .....                    (no amulet)
Stlth  ..........               (no ring)
                                (no ring)

@: berserking, very quick, not resistant to hostile enchantments, extremely
unstealthy
A: claws 1, yellow scales 1
a: Burn Spellbooks, Berserk, Renounce Religion


You were on level 4 of the Dungeon.
You worshipped Trog.
Trog was aware of your devotion.
You were not hungry.

You visited 1 branch of the dungeon, and saw 4 of its levels.

You collected 31 gold pieces.

Inventory:

Hand Weapons
 a - a +0 hand axe (weapon)
Armour
 b - a +0 animal skin
 f - a +0 leather armour (worn)
Scrolls
 e - a scroll of recharging {unknown}
 g - a scroll of identify {unknown}
Potions
 c - a potion of magic {unknown}
 d - a potion of curing {unknown}
 i - a potion of heal wounds {unknown}
 j - a potion of mutation {unknown}
Comestibles
 h - a chunk of flesh
 k - a bread ration


   Skills:
 - Level 3.0 Fighting
 + Level 4.4 Axes
 - Level 1.7 Armour
 - Level 1.7 Dodging


You had 2 spell levels left.
You didn't know any spells.

Dungeon Overview and Level Annotations

Branches:
Dungeon (4/15)
 Temple: D:4-7

Altars:
Nemelex Xobeh


Innate Abilities, Weirdness & Mutations

You have sharp fingernails.
You are partially covered in yellow scales (AC +2).


Message History

You resist with significant effort.
You hit the orc.
The orc is heavily wounded.
The orc barely misses you.
You barely miss the orc.
The orc is heavily wounded.
You closely miss the orc.
The orc is heavily wounded.
The orc hits you with a flail.
* * * LOW HITPOINT WARNING * * *
The orc wizard gestures wildly while chanting.
The orc wizard blinks!
You closely miss the orc.
The orc is heavily wounded.
You slash the orc!
You kill the orc!
Trog accepts your kill.
The orc priest calls down the wrath of Beogh upon you.
Something smites you!
You die...

#.......# #.......#..
#....÷..#.# #....<..#.#
#.......#.# ##'#..#.#.#
#.#......#
#.#......#####.#
#.##....@o..§..##+###
#####'##...)#######......
#...........'....oo..o.o.
#..........o#######....%.
#..(........# ..oo.
#####+##....# .o.. ######
###


You could see an orc priest and an orc wizard.

Vanquished Creatures
  A giant frog skeleton (D:3)
  2 adders (D:3)
  A worm (D:2)
  A giant gecko (D:4)
  An orc (D:4)
  A giant cockroach (D:3)
  A goblin (D:3)
  A hobgoblin (D:3)
  A kobold (D:3)
  A quokka (D:2)
  A ball python (D:4)
  A bat (D:2)
  2 giant newts
15 creatures vanquished.

Notes
Turn   | Place    | Note
--------------------------------------------------------------
     0 | D:1      | brucemayne the Demonspawn Berserker began the quest for the Orb.
     0 | D:1      | Reached XP level 1. HP: 18/18 MP: 1/1
   195 | D:3      | Gained mutation: You have sharp fingernails. [demonic ancestry]
   195 | D:3      | Reached XP level 2. HP: 20/24 MP: 2/2
   282 | D:3      | Gained mutation: You are partially covered in yellow scales (AC +2). [demonic ancestry]
   282 | D:3      | Reached XP level 3. HP: 26/29 MP: 3/3
   322 | D:3      | Noticed a giant frog skeleton
   324 | D:3      | Found a sparkling altar of Nemelex Xobeh.
   334 | D:3      | Killed a giant frog skeleton
   334 | D:3      | Reached skill level 4 in Axes
   438 | D:3      | Noticed an ogre
   588 | D:4      | Killed from afar by an orc priest

Vault maps used:
D:1:      eino_arrival_cavern_d, serial_forest,
          infiniplex_forest_clump_diagonal, infiniplex_forest_clump_double,
          infiniplex_forest_lined_3, infiniplex_forest_end_1,
          infiniplex_forest_end_2, infiniplex_forest_end_1,
          infiniplex_forest_straight_2
D:3:      lemuel_round_altar, serial_corexii_hall, corexii_hall_statues_u,
          corexii_hall_statues_x, corexii_hall_statues_u,
          corexii_hall_statues_x, corexii_hall_statues_x,
          corexii_hall_statues_l, minmay_misc_feat_square,
          nemelex_diamond_rough_becter, uniq_jessica, uniq_terence
D:4:      nicolae_gozag_seed_capital, first_bread, gup_sewer_entry_glass

Action                   || total
-------------------------++-------
Melee: Hand axe          ||    70
Invok: Berserk           ||     5
  Eat: Bread ration      ||     1
       Chunk             ||     1
